 Dungeon Crawl Stone Soup version 0.28-a0-1518-gbe868bca14 (webtiles) character file.

Game seed: 16279439699434606968

131 Shayle the Ducker (level 5, 0/48 HPs)
             Began as a Djinni Warper on Jan 17, 2022.
             Slain by a phantom (4 damage)
             ... on level 3 of the Dungeon.
             The game lasted 00:09:42 (4464 turns).

Shayle the Ducker (Djinni Warper)                   Turns: 4464, Time: 00:09:42

Health: 0/48       AC:  4    Str: 10    XL:     5   Next: 37%
Gold:   131        EV: 12    Int: 22    God:
                   SH:  0    Dex: 11

rFire   + + .      SeeInvis .   m - +1 mace (vorpal)
rCold   x . .      Faith    .   (no shield)
rNeg    . . .      Spirit   .   a - +1 leather armour
rPois   ∞          Reflect  .   (no helmet)
rElec   .          Harm     .   (no cloak)
rCorr   .          Rampage  .   (no gloves)
Will    .....                   (boots unavailable)
Stlth   +.........              (no amulet)
HPRegen 0.16/turn               g - +6 ring of intelligence
MPRegen 0.00/turn               (no ring)

@: on berserk cooldown, flying, slowed, very slow
A: sickness immunity, fire resistance 2, cold vulnerability 1, float, innate
caster, hp casting, extra vitality 1, clumsy 1, robust 2
a: no special abilities


You were on level 3 of the Dungeon.
You visited 1 branch of the dungeon, and saw 5 of its levels.

You collected 167 gold pieces.
You spent 36 gold pieces at shops.

Inventory:

Hand Weapons
 l - a +1 dagger of holy wrath
 m - a +1 vorpal mace (weapon)
Missiles
 c - 5 boomerangs of dispersal (quivered)
 d - a throwing net
 f - 3 poisoned darts
 h - 5 boomerangs
Armour
 a - a +1 leather armour (worn)
Jewellery
 g - a +6 ring of intelligence (left hand)
Wands
 j - a wand of charming (4)
Scrolls
 b - a scroll of noise {unknown}
 k - a scroll of enchant armour
Potions
 e - a potion of degeneration


   Skills:
 + Level 3.0 Fighting
 - Level 0.7 Throwing
 - Level 1.0 Armour
 + Level 3.4 Dodging
 + Level 3.0 Unarmed Combat
 + Level 3.0 Spellcasting


You couldn't memorise any spells.
You knew the following spells:

 Your Spells              Type           Power      Damage    Failure   Level
a - Blink                 Tloc           34%        N/A       7%          2
b - Lesser Beckoning      Tloc           17%        N/A       14%         3
c - Gell's Gravitas       Tloc           17%        N/A       14%         3
d - Teleport Other        Tloc           17%        N/A       14%         3
e - Manifold Assault      Tloc           17%        N/A       78%         5
f - Animate Skeleton      Necr           34%        N/A       4%          1
g - Static Discharge      Conj/Air       17%        N/A       7%          2
Your spell library was empty.

Dungeon Overview and Level Annotations

Branches:
Dungeon (5/15)
 Temple: D:4-7

Altars:
Dithmenos
Gozag
Kikubaaqudgha
Okawaru
Yredelemnul
Zin

Shops:
D:2 *

Portals:
Abyss: D:3

Annotations:
D:3 2 transporters, croobank's ghost, amateur MiBe


Innate Abilities, Weirdness & Mutations

You are immune to sickness and miasma.
You are immune to poison.
Your flesh is very heat resistant. (rF++)
You are vulnerable to cold. (rC-)
You float through the air rather than walking.
You learn spells naturally, not from books.
Your magical power is your life essence.
You have superior vitality. (+4 MHP)
You are clumsy. (Dex -2)
You are very robust. (+20% HP)


Message History

You feel a strong urge to attack something.
The orc hits you with a +0 short sword.
You closely miss the orc. The orc barely misses you.
You barely miss the phantom.
The phantom is heavily damaged.
The phantom hits you!
The phantom blinks!
You blink.
You closely miss the phantom.
The phantom is heavily damaged.
The phantom hits you but does no damage.
You hit the phantom.
The phantom is severely damaged.
The phantom hits you but does no damage.
You barely miss the phantom.
The phantom is severely damaged.
The phantom hits you.
The phantom blinks!
You blink.
You hit the phantom.
The phantom is almost destroyed.
You are no longer berserk.
You are exhausted.
You feel yourself slow down. The phantom closely misses you.
Unknown command.
You barely miss the phantom.
The phantom is almost destroyed.
The phantom hits you.
* * * LOW HITPOINT WARNING * * *
The phantom hits you.
* * * LOW HITPOINT WARNING * * *
The phantom blinks!
You blink.
You barely miss the phantom.
The phantom is almost destroyed.
The phantom hits you but does no damage.
The phantom hits you.
* * * LOW HITPOINT WARNING * * *
Unknown command.
You hit the phantom.
The phantom is almost destroyed.
The phantom hits you.
* * * LOW HITPOINT WARNING * * *
The phantom blinks!
You blink.
The phantom hits you.
You die...

.###
#.....#...###.#
## .#
#.#.####... #.#
# ## #...#
##...### # #..W
##.. # #.. #..
#.#### #.
#...§# ######§#
## #>...@W# #.
#.####o# #.
#.####.# #.
#o##...# #.
#o##.#.#
.#######.
#§oo...#
.........
####.###
##.####.. #.#
#.####..
#.########
#.#>....


You could see a phantom and an orc.

Vanquished Creatures
  An orc wizard (D:3)
  A hound skeleton (D:4)
  A gnoll (D:2)
  3 adders
  A worm (D:3)
  3 orcs (D:3)
  5 bats
  5 endoplasms
  2 giant cockroaches
  4 goblins
  11 hobgoblins
  A quokka (D:1)
  8 ball pythons
  4 frilled lizards
  3 kobolds
  3 rats
56 creatures vanquished.

Notes
Turn   | Place    | Note
-------+----------+-------------------------------------------
     0 | D:1      | Shayle the Djinni Warper began the quest for the Orb.
     0 | D:1      | Reached XP level 1. HP: 18/18 MP: 0/0
   497 | D:1      | Reached XP level 2. HP: 21/23 MP: 0/0
  1111 | D:1      | Found a faded altar of an unknown god.
  1202 | D:2      | Reached XP level 3. HP: 20/29 MP: 0/0
  1202 | D:2      | Learned a level 1 spell: Animate Skeleton
  1318 | D:2      | Found Minuluh's General Store.
  1346 | D:2      | Bought a scroll of teleportation for 36 gold pieces
  1714 | D:2      | Found a shadowy altar of Dithmenos.
  2010 | D:2      | You are sucked into a shaft and drop 2 floors!
  2031 | D:4      | Reached XP level 4. HP: 20/34 MP: 0/0
  2156 | D:5      | Entered Level 5 of the Dungeon
  2157 | D:5      | Noticed a centaur
  2280 | D:3      | Found a transporter.
  2387 | D:3      | Noticed a small abomination
  2421 | D:3      | Gained mutation: You are clumsy. (Dex -2) [potion of
                  | mutation]
  2421 | D:3      | Gained mutation: You are robust. (+10% HP) [potion of
                  | mutation]
  2421 | D:3      | Gained mutation: You are very robust. (+20% HP) [potion of
                  | mutation]
  2737 | D:3      | Noticed a phantom
  3812 | D:3      | Found a transporter.
  3821 | D:3      | Reached XP level 5. HP: 47/48 MP: 0/0
  3821 | D:3      | Learned a level 2 spell: Static Discharge
  3835 | D:3      | Noticed a small abomination
  4172 | D:3      | Found a glowing silver altar of Zin.
  4177 | D:3      | Found an opulent altar of Gozag.
  4179 | D:3      | Found a basalt altar of Yredelemnul.
  4180 | D:3      | Found an iron altar of Okawaru.
  4347 | D:3      | Found a one-way gate to the infinite horrors of the Abyss.
  4347 | D:3      | Noticed croobank's ghost (amateur MiBe)
  4464 | D:3      | Slain by a phantom

Illustrated notes

Levels and vault maps discovered:
D:1:      dpeg_arrival_windows_large_door, layout_rooms,
          shapermc_ecumenical_altar_petra
D:2:      layout_loops_corners, serial_shops, shop, basic_altar,
          kennysheep_potato
D:3:      layout_loops_cross, nzn_overflow_gifts_of_might_and_magic,
          chequers_temple_overflow_minitemple, gammafunk_ghost_abyssal_escape
D:4:      layout_rooms, minmay_temple_entry_statues, roderic_lattice_a,
          uniq_pikel
D:5:      layout_loops_ring, lemuel_coloured_pillars_altar, serial_shops,
          nicolae_shop_bloodbath_and_beyond, kennysheep_generic_room_5

Skill      XL: |  1  2  3  4  5 |
---------------+----------------+-----
Dodging        | 3 |  3.4
Spellcasting   | 3 |  3.0
Fighting       | 3 |  3.0
Unarmed Combat | 3 |  3.0
Throwing       | |  0.7
Armour         | |  1.0

Action                   |  1- 3 |  4- 6 || total
-------------------------+-------+-------++-------
Melee: Unarmed           |   127 |       ||   127
       Dagger            |     8 |   179 ||   187
       Punch             |     1 |     4 ||     5
       Mace              |       |    17 ||    17
  Use: Scroll            |       |     7 ||     7
       Potion            |       |     3 ||     3
Armor: Leather armour    |    40 |    36 ||    76
Dodge: Dodged            |    82 |   116 ||   198

Table legend: (Time is in decaauts)
 A = Elapsed time spent in this place.
 B = Non-inter-level travel time spent in this place.
 C = Inter-level travel time spent in this place.
 D = Time resting spent in this place.
 E = Time spent auto-exploring this place.
 F = Levels seen in this place.
 G = Mean time per level.
                   A        B        C        D        E       F      G
               +--------+--------+--------+--------+--------+-----+--------+
         Total |   4462 |   4433 |     29 |   1516 |   1726 |   5 |  892.4 |
       Dungeon |   4462 |   4433 |     29 |   1516 |   1726 |   5 |  892.4 |
               +--------+--------+--------+--------+--------+-----+--------+

Top non-repeatable levels by time:
     D:2: 1650 daAuts
     D:3: 1383 daAuts
     D:1: 1182 daAuts
     D:4: 241 daAuts
     D:5: 3 daAuts
